Map: Divergencia EE

Players

Anaconda

  • Race: Zerg Zerg
  • League: Diamond
  • Spawn Location: 5:00

Defar

  • Race: Zerg Zerg
  • Spawn Location: 5:00

MrFercho - Winner!

  • Race: Zerg Zerg
  • League: Silver
  • Spawn Location: 11:00

tigro - Winner!

  • Race: Terran Terran
  • League: Bronze
  • Spawn Location: 11:00

VOD

Have the link to the VOD?

Description

Time

  • Played on: June 12, 2020, 9:52 p.m.
  • Length: 14:40
Show
View Real Time Build Order
Export as new Build Order

Anaconda Zerg 

Build Orders: Pool First 

Get SALT Encoding   

  12  0:01  Drone  
  13  0:16  Overlord  
  13  0:22  Drone  
  14  0:41  Spawning Pool  
  13  0:45  Drone  
  13  0:46  Drone x2  
  16  0:55  Extractor  
  15  0:59  Drone  
  16  1:18  Drone  
  17  1:19  Drone  
  18  1:37  Drone  
  18  1:39  Hatchery  
  18  1:52  Drone  
  18  1:53  Queen, Drone  
  22  2:11  Metabolic Boost  
  22  2:21  Overlord  
  22  2:22  Overlord  
  22  2:40  Zergling x4  
  24  2:47  Queen  
  26  2:51  Drone  
  26  2:52  Drone  
  28  3:03  Zergling x10  
  33  3:07  Queen  
  35  3:17  Overlord  
  35  3:25  Zergling x6  
  38  3:41  Drone x3  
  41  3:52  Drone x4  
  41  3:55  Roach Warren  
  44  4:09  Drone x3  
  47  4:20  Drone x3  
  47  4:21  Drone  
  51  4:30  Drone  
  52  4:31  Overlord  
  52  4:33  Overlord  
  52  4:40  Lair  
  52  4:43  Extractor  
  51  4:51  Drone x6  
  57  5:03  Overlord x3  
  57  5:04  Overlord x2  
  57  5:11  Spore Crawler  
  56  5:22  Roach  
  56  5:23  Roach x5  
  56  5:25  Extractor  
  56  5:27  Extractor  
  66  5:33  Roach x2  
  70  5:38  Glial Reconstitution  
  70  5:41  Roach  
  72  5:52  Roach  
  72  5:53  Roach x4  
  82  6:02  Drone  
  83  6:10  Overseer  
  83  6:19  Roach  
  83  6:20  Roach x4  
  83  6:21  Roach  
  83  6:23  Roach x2  
  99  6:30  Drone x2  
  101  6:42  Drone x2  
  103  6:49  Drone x5  
  103  6:52  Hatchery  
  107  7:15  Hatchery  
  106  7:19  Overlord x4  
  106  7:20  Overlord  
  106  7:47  Roach  
  106  7:48  Roach x6  
  120  7:54  Roach x4  
  128  8:04  Roach  
  128  8:05  Roach  
  132  8:18  Drone x4  
  132  8:19  Hatchery, Drone x2  
  137  8:21  Queen  
  139  8:29  Drone x6  
  139  8:32  Extractor  
  139  8:33  Extractor  
  143  8:42  Roach x7  
  157  8:54  Extractor  
  156  8:56  Extractor, Roach  
  156  8:57  Roach  
  156  8:58  Overlord x3  
  156  8:59  Overlord x2  
  159  9:12  Overlord x5  
  159  9:28  Evolution Chamber  
  159  9:29  Evolution Chamber  
  157  9:34  Roach x8  
  157  9:35  Roach x2  
  177  9:40  Drone x4  
  181  9:47  Queen  
  183  9:57  Hydralisk Den  
  182  10:02  Zerg Ground Armor Level 1, Zerg Missile Weapons Level 1  
  182  10:32  Drone x6  
  188  10:46  Hydralisk  
  188  10:47  Hydralisk x5  
  200  11:05  Spore Crawler  
  199  11:27  Drone  
  147  12:02  Hydralisk x12  
  147  12:03  Hydralisk x16  
  147  12:04  Hydralisk  
  152  12:34  Hydralisk x12  
  152  12:35  Hydralisk x4  
  104  13:06  Zergling x16  
  104  13:07  Zergling x4  
  76  13:20  Zergling x14  
  76  13:21  Zergling x18  
  75  13:43  Roach  
  75  13:44  Roach x8  
Show
View Real Time Build Order
Export as new Build Order

Defar Zerg 

Build Orders:  

Get SALT Encoding   

  12  0:06  Drone  
  13  0:26  Extractor  
  12  0:35  Extractor  
  11  0:45  Evolution Chamber  
  11  0:48  Drone  
  11  0:49  Drone x2  
  13  1:02  Overlord  
  13  1:34  Evolution Chamber  
  12  1:54  Overlord  
  12  1:55  Overlord x2  
  12  2:06  Drone  
  13  2:47  Overlord x3  
  13  3:11  Evolution Chamber  
  12  3:16  Evolution Chamber  
  11  3:31  Pneumatized Carapace  
  11  3:41  Zerg Melee Weapons Level 1  
  11  3:55  Overlord  
  11  3:56  Overlord x2  
  11  4:39  Drone x2  
  11  4:40  Overlord  
  13  4:57  Overlord  
  13  5:35  Zerg Missile Weapons Level 1  
  13  6:00  Evolution Chamber  
  12  6:10  Drone  
  12  6:11  Drone x2  
  15  6:54  Overlord x3  
  15  8:37  Drone x2  
  15  8:38  Drone  
  18  9:43  Zerg Ground Armor Level 1  
  18  10:03  Drone  
  19  10:37  Overlord x3  
  19  10:49  Drone  
  20  13:09  Burrow  
Show
View Real Time Build Order
Export as new Build Order

MrFercho Zerg - Winner!

Build Orders: Pool First 

Get SALT Encoding   

  12  0:02  Drone  
  13  0:16  Overlord  
  13  0:23  Drone  
  14  0:40  Drone x3  
  17  1:17  Spawning Pool  
  17  1:18  Extractor, Drone x3  
  18  1:28  Hatchery  
  17  1:32  Overlord  
  17  1:43  Drone  
  18  1:52  Drone  
  19  2:01  Drone  
  20  2:14  Roach Warren  
  19  2:34  Drone x2  
  19  2:36  Drone  
  22  2:46  Drone x2  
  24  2:51  Queen x2  
  24  2:53  Drone  
  29  3:10  Overlord  
  29  3:11  Overlord  
  29  3:33  Roach x5  
  39  3:44  Extractor  
  38  3:49  Drone  
  38  3:52  Roach x2  
  43  4:10  Drone  
  43  4:11  Overlord x2  
  43  4:12  Overlord x2  
  44  4:23  Overlord  
  44  4:24  Overlord x3  
  44  4:35  Lair  
  44  4:39  Drone x3  
  44  4:42  Hatchery  
  46  4:59  Evolution Chamber  
  45  5:02  Evolution Chamber  
  45  5:05  Drone  
  45  5:06  Drone  
  46  5:09  Drone  
  47  5:21  Spine Crawler  
  47  5:26  Zerg Missile Weapons Level 1  
  46  5:30  Zerg Ground Armor Level 1  
  46  5:32  Drone x6  
  52  5:47  Drone x5  
  57  5:50  Drone x2  
  59  6:10  Extractor, Drone x10  
  68  6:11  Extractor  
  67  6:26  Hydralisk Den  
  66  6:34  Overseer  
  66  6:37  Overlord  
  66  6:38  Overlord x3  
  66  6:46  Drone x3  
  66  6:47  Drone x4  
  73  7:01  Drone x3  
  73  7:02  Drone x3  
  73  7:03  Queen  
  73  7:06  Drone  
  73  7:07  Drone  
  83  7:11  Drone  
  84  7:17  Overseer  
  84  7:23  Spine Crawler x2  
  84  7:27  Spore Crawler  
  81  7:32  Spine Crawler  
  81  7:34  Spine Crawler  
  81  7:36  Spore Crawler  
  78  7:38  Spine Crawler  
  78  7:39  Hydralisk  
  78  7:40  Hydralisk x5  
  89  7:46  Grooved Spines  
  89  7:49  Zerg Missile Weapons Level 2  
  89  7:53  Zerg Ground Armor Level 2  
  89  8:13  Extractor  
  89  8:16  Extractor  
  89  8:18  Overlord x3  
  89  8:19  Overlord  
  87  8:21  Drone x7  
  87  8:22  Extractor, Hatchery  
  92  8:29  Extractor  
  92  8:31  Drone x6  
  97  8:40  Drone x2  
  99  8:42  Overlord  
  99  8:43  Overlord x2  
  99  8:44  Drone x2  
  99  8:45  Drone  
  102  8:58  Muscular Augments  
  102  9:08  Infestation Pit  
  101  9:12  Drone x8  
  109  9:33  Drone x3  
  112  9:45  Hydralisk  
  112  9:46  Hydralisk x12  
  112  9:47  Hatchery  
  112  9:50  Drone  
  112  9:51  Drone x2  
  140  10:19  Queen  
  142  10:25  Hive  
  142  10:32  Hydralisk, Spire  
  142  10:33  Hydralisk x17  
  177  10:53  Hydralisk x11  
  199  11:00  Drone  
  188  11:41  Hydralisk x13  
  188  11:42  Hydralisk x3  
  188  11:43  Hydralisk x5  
  182  11:49  Mutalisk x8  
  174  12:11  Hydralisk  
  174  12:12  Hydralisk x8  
  188  12:39  Hydralisk x9  
  174  12:57  Drone  
  167  12:59  Drone x2  
  167  13:02  Hydralisk x7  
  167  13:03  Hatchery, Hydralisk x5  
  184  13:09  Extractor  
  184  13:10  Extractor  
  172  13:28  Hatchery, Hydralisk x10  
  191  13:42  Extractor  
Show
View Real Time Build Order
Export as new Build Order

tigro Terran - Winner!

Build Orders:  

Get SALT Encoding   

  12  0:02  SCV  
  13  0:14  SCV  
  15  0:28  SCV  
  15  0:29  Supply Depot  
  15  0:35  Refinery  
  15  0:48  Refinery  
  15  0:51  SCV  
  16  1:04  Barracks  
  16  1:05  SCV  
  17  1:17  SCV  
  18  1:29  SCV  
  18  1:30  Supply Depot  
  19  1:41  SCV  
  20  1:52  Marine  
  20  1:53  SCV  
  22  2:05  SCV  
  23  2:10  Marine  
  23  2:11  Barracks  
  24  2:27  Marine  
  25  2:32  Factory  
  25  2:43  Orbital Command  
  25  2:45  Marine  
  26  3:01  Barracks Tech Lab  
  26  3:03  Marine, Engineering Bay  
  27  3:21  Hellion, Marine  
  27  3:24  Combat Shield  
  30  3:39  Marine  
  31  3:42  Starport  
  31  3:50  Hellion  
  33  3:56  Marine  
  34  4:08  Command Center  
  34  4:14  Marine  
  35  4:17  Factory Tech Lab  
  35  4:25  Medivac  
  37  4:42  Concussive Shells  
  37  4:50  Fusion Core, Terran Infantry Weapons Level 1  
  37  4:55  Medivac  
  39  5:18  Siege Tank  
  42  5:28  Refinery  
  42  5:31  SCV  
  43  5:43  SCV  
  44  5:55  SCV  
  45  6:07  SCV  
  46  6:12  Starport Tech Lab  
  46  6:18  Armory  
  46  6:19  SCV  
  47  6:37  Refinery  
  47  6:38  SCV  
  48  6:44  Terran Infantry Armor Level 1  
  48  6:50  SCV  
  49  6:59  Barracks Tech Lab  
  49  7:01  Stimpack  
  49  7:03  SCV  
  49  7:06  Supply Depot, Siege Tank  
  53  7:09  Marine  
  53  7:12  Banshee  
  53  7:15  SCV  
  58  7:27  Marine, SCV  
  60  7:30  Supply Depot  
  60  7:41  Missile Turret  
  60  7:45  Marine  
  61  7:56  Battlecruiser  
  67  8:02  Missile Turret  
  67  8:03  Marine  
  68  8:20  Marine  
  68  8:21  Planetary Fortress  
  69  8:36  Missile Turret  
  69  8:38  Neosteel Armor  
  69  8:44  Marine x2  
  71  8:54  Command Center  
  71  8:57  Missile Turret  
  71  9:02  Marine x2  
  73  9:20  Marine x2  
  75  9:38  Marine x2  
  77  9:46  Missile Turret  
  77  9:55  Marine  
  78  10:05  Marine  
  79  10:09  Thor  
  79  10:12  Terran Vehicle Weapons Level 1  
  85  10:18  Terran Infantry Weapons Level 2  
  85  10:19  Refinery, SCV  
  86  10:31  SCV  
  87  10:43  SCV  
  88  10:55  SCV  
  89  11:02  Weapon Refit  
  89  11:07  Medivac  
  89  11:08  SCV  
  92  11:37  Battlecruiser  
  74  12:06  Terran Vehicle And Ship Armor Level 1  
  64  12:22  Marine x2  
  63  12:27  Thor  
  69  12:39  Marine  
  69  12:40  Marine  
  69  12:43  Rapid Reignition System  
  71  12:46  Battlecruiser  
  77  12:57  Marine x2  
  79  13:10  Thor  
  85  13:15  Marine x2  
  87  13:33  Marine x2  
  89  13:53  Thor  
  89  13:54  Marine  
  89  13:55  Marine  
  103  14:12  Marine x2  
Tags
 
Add a new tag
Caveats
  • Supply blocks, unpowered buildings, or Contaminate may cause inaccurate times.
  • Supply counts are checked every 10 seconds.